 Dungeon Crawl Stone Soup version 0.21-a0-185-g3a6ed1e (webtiles) character file.

10672 seren the Cleaver (level 11, -1/90 HPs)
             Began as a Formicid Fighter on Aug 12, 2017.
             Was an Elder of Okawaru.
             Killed from afar by a starcursed mass (9 damage)
             ... with an accursed screaming
             ... on level 2 of the Abyss.
             The game lasted 00:52:52 (12934 turns).

seren the Cleaver (Formicid Fighter)               Turns: 12934, Time: 00:52:52

Health: -1/90      AC: 17    Str: 21    XL:     11   Next: 97%
Magic:  13/15      EV: 11    Int:  9    God:    Okawaru [****..]
Gold:   620        SH: 15    Dex: 14    Spells: 9/10 levels left

rFire    . . .     SeeInvis +   a - +0 war axe
rCold    . . .     Gourm    .   R - +2 shield
rNeg     . . .     Faith    .   h - +0 chain mail
rPois    .         Spirit   .   (helmet unavailable)
rElec    .         Reflect  .   P - +1 cloak
rCorr    .         Harm     .   D - +0 pair of gloves
MR       +....                  (no boots)
Stlth    ..........             (no amulet)
HPRegen  0.25/turn              p - +2 ring of dexterity
MPRegen  0.14/turn              B - ring of wizardry

@: heroism
A: permanent stasis, dig shafts and tunnels, four strong arms, antennae 3
a: Dig, Shaft Self, Heroism, Renounce Religion


You were on level 2 of the Abyss.
You worshipped Okawaru.
Okawaru was greatly pleased with you.
You were hungry.

You visited 2 branches of the dungeon, and saw 12 of its levels.
You visited the Abyss 1 time.

You collected 620 gold pieces.

Inventory:

Hand Weapons
 a - a +0 war axe (weapon)
 b - the +4 whip "Coweonurr" {speed, rPois Int+4 Stlth+}
   (You found it on level 11 of the Dungeon)

   Attacks with this weapon are significantly faster.
   It affects your intelligence (+4).
   It protects you from poison.
   It makes you more stealthy.
 n - the +3 mace of Fuafelol {crush, rN+, unknown}
   (You found it on level 2 of the Abyss)

   It inflicts extra damage upon your enemies.
   It protects you from negative energy.
 E - a +0 battleaxe
 F - a +1 spear of piercing
Missiles
 u - 16 tomahawks (quivered)
 J - a throwing net
Armour
 h - a +0 chain mail (worn)
 D - a +0 pair of gloves (worn)
 P - a +1 cloak (worn)
 R - a +2 shield (worn)
Jewellery
 p - a +2 ring of dexterity (left hand)
 B - a ring of wizardry (right hand)
 O - an uncursed ring of protection from cold {unknown}
Wands
 y - a wand of enslavement (9/24)
 z - a wand of confusion (18/48)
 G - a wand of flame (48/48)
 I - a wand of flame (21/48)
 L - a wand of polymorph (10/24)
 N - a wand of polymorph (2/24)
Scrolls
 d - a scroll of noise {unknown}
 e - 3 scrolls of enchant weapon
 g - 2 scrolls of identify
 i - 4 scrolls of enchant armour
 m - a scroll of recharging
 o - a scroll of magic mapping {unknown}
 q - a scroll of immolation
 s - a scroll of amnesia
 w - a scroll of remove curse
 A - a scroll of fear {unknown}
 H - 2 scrolls of fog {unknown}
 K - a scroll of vulnerability {unknown}
Potions
 j - 2 potions of flight
 k - a potion of curing
 C - 3 potions of ambrosia
 Q - a potion of cancellation {unknown}
Books
 t - a book of Misfortune

   Spells                             Type                      Level
   a - Confusing Touch                Hexes                        1
   b - Confuse                        Hexes                        3
   c - Gell's Gravitas                Translocation                3
   d - Petrify                        Transmutation/Earth          4
   e - Metabolic Englaciation         Hexes/Ice                    5
   f - Yara's Violent Unravelling     Hexes/Transmutation          5
 v - a book of Conjurations

   Spells                             Type                      Level
   a - Magic Dart                     Conjuration                  1
   b - Searing Ray                    Conjuration                  2
   c - Dazzling Spray                 Conjuration/Hexes            3
   d - Fulminant Prism                Conjuration/Hexes            4
   e - Force Lance                    Conjuration/Translocation    4
   f - Iskenderun's Mystic Blast      Conjuration                  4
 x - a book of Cantrips

   Spells                             Type                      Level
   a - Confusing Touch                Hexes                        1
   b - Animate Skeleton               Necromancy                   1
   c - Summon Small Mammal            Summoning                    1
   d - Apportation                    Translocation                1
Comestibles
 c - 5 chunks of flesh
 f - 6 bread rations
 l - 3 meat rations
 r - 9 royal jellies
 M - a fruit


   Skills:
 + Level 9.8(14.8) Fighting
 + Level 10.2(15.2) Axes
 + Level 8.7(13.7) Armour
 - Level 9.0(14.0) Shields
 - Level 6.0 Invocations
 - Level 6.0 Evocations


You had 9 spell levels left.
You knew the following spells:

 Your Spells              Type           Power        Failure   Level  Hunger
a - Apportation           Tloc           #.....       61%         1    ##.....


Dungeon Overview and Level Annotations

Branches:
Dungeon (11/15)            Temple (1/1) D:4             Orc (0/2) D:9
   Lair: D:8-11

Altars:
Ashenzari
Cheibriados
Dithmenos
Elyvilon
Fedhas
Gozag
Hepliaklqana
Kikubaaqudgha
Makhleb
Nemelex Xobeh
Okawaru
Qazlal
Ru
Sif Muna
Trog
Uskayaw
Vehumet
Wu Jian
Xom
Yredelemnul
Zin
The Shining One

Shops:
D:11 *


Innate Abilities, Weirdness & Mutations

You cannot be hasted, slowed, berserked, paralysed or teleported.
You can dig through walls and to a lower floor.
Your four strong arms can wield two-handed weapons with a shield.
You have a pair of large antennae on your head. (SInv)


Message History

Unknown command.
You gain the combat prowess of a mighty hero.
A starcursed mass splits.
The starcursed mass engulfs you.
* * * LOW HITPOINT WARNING * * *
Unknown command.
You slash the starcursed mass!
The starcursed mass is heavily damaged.
The starcursed mass shudders and is absorbed by its neighbour.
You hit the starcursed mass.
The starcursed mass is heavily damaged.
The starcursed mass shudders and is absorbed by its neighbour.
A starcursed mass splits.
You slice the starcursed mass!!
You destroy the starcursed mass!
Okawaru accepts your kill.
The starcursed mass shrieks in your mind.
* * * LOW HITPOINT WARNING * * *
You feel better.
A starcursed mass splits.
A chorus of shrieks assaults your mind.
You die...

. . . .. .
##.....
##...... .
/..... .
#.##....###.
. .
.........###.
...
.##.##..#.#.#
. # . . ..#
.# # .#
...#.# ####
...#@#{
#....##.X#
...# .# #X#
#.#. #.# .#
.... #.# # .


You could see 2 starcursed masses.

Vanquished Creatures
  A two-headed ogre (D:10)
  2 thrashing horrors (Abyss:2)
  A centaur zombie (D:11)
  A starcursed mass (Abyss:2)
  2 trolls
  A hornet (D:11)
  Grinder (D:4)
  2 hippogriffs
  6 yaks
  A tarantella (shapeshifter) (D:11)
  Eustachio (D:4)
  2 hungry ghosts (D:8)
  A vampire mosquito (D:11)
  2 sky beasts
  Duvessa (D:5)
  4 ice beasts
  7 orc warriors
  A necrophage (D:6)
  4 black bears
  2 ogres (D:7)
  A phantom (D:7)
  3 centaurs
  An eye of draining (D:11)
  A crocodile (D:11)
  4 bullfrogs
  Dowan (D:5)
  21 killer bees
  4 wights
  7 howler monkeys
  3 crimson imps
  A bullfrog zombie (D:7)
  A hound (D:11)
  A jelly (D:5)
  Crazy Yiuf (D:2)
  6 orc priests
  18 orc wizards
  3 iguanas
  4 worker ants
  3 hound skeletons
  2 worker ant zombies (D:5)
  Robin (D:4)
  8 gnolls
  12 adders
  4 shadow imps
  An ooze (D:2)
  2 adder skeletons
  2 adder zombies (D:8)
  6 worms
  A dart slug (D:2)
  6 leopard geckos
  38 orcs
  5 giant cockroaches
  9 hobgoblins
  4 jackals (D:8)
  4 quokkas
  6 ball pythons
  8 bats
  2 frilled lizards
  14 goblins
  8 kobolds
  6 rats
  A fungus (D:2)
277 creatures vanquished.

Vanquished Creatures (collateral kills)
  A centaur zombie (D:10)
1 creature vanquished.

Vanquished Creatures (others)
  2 plants (D:5)
2 creatures vanquished.

Grand Total: 280 creatures vanquished

Notes
Turn   | Place    | Note
-------+----------+-------------------------------------------
     0 | D:1      | seren the Formicid Fighter began the quest for the Orb.
     0 | D:1      | Reached XP level 1. HP: 18/18 MP: 1/1
   102 | D:1      | Reached XP level 2. HP: 24/24 MP: 2/2
   781 | D:2      | Reached XP level 3. HP: 29/29 MP: 3/3
   912 | D:2      | Found a runed door.
   916 | D:2      | Noticed Crazy Yiuf
   921 | D:2      | Killed Crazy Yiuf
   921 | D:2      | Reached skill level 3 in Axes
   921 | D:2      | Reached XP level 4. HP: 24/37 MP: 0/4
  1331 | D:2      | Reached XP level 5. HP: 37/42 MP: 5/5
  1574 | D:3      | Found a faded altar of an unknown god.
  2198 | D:3      | Reached XP level 6. HP: 44/48 MP: 6/6
  2295 | D:3      | Reached skill level 4 in Axes
  2295 | D:3      | Reached skill level 5 in Shields
  2722 | D:4      | Found a shadowy altar of Dithmenos.
  2805 | D:4      | Noticed Grinder
  2837 | D:4      | Killed Grinder
  2837 | D:4      | Reached skill level 5 in Axes
  2837 | D:4      | Reached XP level 7. HP: 19/54 MP: 7/7
  3237 | D:4      | Found a staircase to the Ecumenical Temple.
  3239 | D:4      | Noticed Eustachio
  3257 | D:4      | Killed Eustachio
  3272 | Temple   | Entered the Ecumenical Temple
  3482 | Temple   | Became a worshipper of Warmaster Okawaru
  3592 | D:4      | Noticed Robin
  3608 | D:4      | Killed Robin
  3628 | D:4      | Reached skill level 6 in Axes
  3966 | D:5      | Entered Level 5 of the Dungeon
  4049 | D:5      | Found a sparkling altar of Nemelex Xobeh.
  4049 | D:5      | Found an opulent altar of Gozag.
  4291 | D:5      | Found a burning altar of Makhleb.
  4291 | D:5      | Found a white marble altar of Elyvilon.
  4297 | D:5      | Found a deep blue altar of Sif Muna.
  4327 | D:5      | Reached XP level 8. HP: 57/60 MP: 8/8
  4336 | D:5      | Noticed Duvessa
  4336 | D:5      | Noticed Dowan
  4356 | D:5      | Killed Duvessa
  4361 | D:5      | Killed Dowan
  4398 | D:5      | Reached * piety under Okawaru
  4534 | D:5      | Found a deep blue altar of Sif Muna.
  4794 | D:5      | Reached skill level 7 in Axes
  4801 | D:5      | Reached skill level 1 in Invocations
  5414 | D:6      | Reached XP level 9. HP: 65/65 MP: 11/11
  5529 | D:6      | Learned a level 1 spell: Apportation
  5850 | D:6      | Reached skill level 1 in Evocations
  6232 | D:7      | Reached ** piety under Okawaru
  6232 | D:7      | Reached skill level 8 in Axes
  6342 | D:7      | Reached skill level 5 in Fighting
  6360 | D:7      | Reached skill level 5 in Invocations
  6995 | D:8      | Found a hide-covered altar of Uskayaw.
  7015 | D:8      | Found a shattered altar of Ashenzari.
  7016 | D:8      | Found a blossoming altar of Fedhas.
  7018 | D:8      | Found a glowing silver altar of Zin.
  7036 | D:8      | Found an ancient bone altar of Kikubaaqudgha.
  7036 | D:8      | Found a glowing golden altar of the Shining One.
  7302 | D:8      | Reached XP level 10. HP: 71/76 MP: 14/14
  7334 | D:8      | Found a radiant altar of Vehumet.
  7516 | D:9      | Reached *** piety under Okawaru
  7516 | D:9      | Reached skill level 5 in Evocations
  7632 | D:8      | Reached skill level 5 in Armour
  8381 | D:10     | Entered Level 10 of the Dungeon
  9868 | D:9      | Found a staircase to the Orcish Mines.
  9881 | D:9      | Noticed a two-headed ogre
  9884 | D:9      | You fall through a shaft for 2 floors!
  9913 | D:11     | Found Vehed's Assorted Antiques.
 10059 | D:11     | Reached **** piety under Okawaru
 10144 | D:11     | Found a shimmering altar of Xom.
 10195 | D:11     | Reached XP level 11. HP: 55/85 MP: 13/15
 10541 | D:11     | Reached skill level 9 in Axes
 10576 | D:11     | Noticed an unseen horror
 10576 | D:11     | a meliai changed into an unseen horror
 10594 | D:11     | Noticed an orb spider
 10594 | D:11     | an unseen horror changed into an orb spider
 10631 | D:11     | an orb spider changed into a tarantella
 11161 | D:11     | Got a twisted whip
 11162 | D:11     | Identified the +4 whip "Coweonurr" {speed, rPois Int+4 Stlth+} (You found it on level 11 of the Dungeon)
 12300 | D:10     | Noticed a two-headed ogre
 12551 | D:10     | Killed a two-headed ogre
 12851 | D:10     | Noticed a wizard
 12886 | D:10     | Cast into level 2 of the Abyss (a wizard)
 12889 | Abyss:2  | Noticed a thrashing horror
 12889 | Abyss:2  | Noticed a thrashing horror
 12892 | Abyss:2  | Got a faintly glowing mace
 12911 | Abyss:2  | Killed a thrashing horror
 12911 | Abyss:2  | Reached skill level 10 in Axes
 12916 | Abyss:2  | Noticed a starcursed mass
 12919 | Abyss:2  | Killed a thrashing horror
 12933 | Abyss:2  | Killed a starcursed mass
 12933 | Abyss:2  | HP: 2/90 [starcursed mass/accursed screaming (7)]
 12934 | Abyss:2  | Killed from afar by a starcursed mass

Vault maps used:
D:1:      scummos_arrival_simple_fountains
D:2:      first_bread, uniq_crazy_yiuf_cottage
D:3:      chequers_ecumenical_altar_simple, minmay_shallow_snake_nest
D:4:      nicolae_dithmenos_the_darkroom, minmay_temple_entry_overgrown,
          uniq_grinder, uniq_robin, uniq_eustachio
D:5:      grunt_temple_overflow_opulence, gammafunk_temple_overflow_forgotten,
          lemuel_statue_altar, uniq_duvessa
D:8:      grunt_temple_overflow_open, vehumet_crystals, kennysheep_mini
D:9:      david_orc_4
D:10:     dpeg_lair_monsters
D:11:     kennysheep_blocky_room, serial_shops, shop, basic_altar,
          david_nohive_1, minmay_misc_feat_columns, stair_cage_line,
          kennysheep_generic_room_11
Temple:   nicolae_temple_figure_zero

Skill      XL: |  1  2  3  4  5  6  7  8  9 10 11 |
---------------+----------------------------------+-----
Axes           | 3 5 6 7 8 10 | 10.2
Armour         | 4 6 8 |  8.7
Shields        | 4 5 6 7 9 |  9.0
Fighting       | 4 6 8 9 |  9.8
Invocations    | 3 6 |  6.0
Evocations     | 4 6 |  6.0

Action                   |  1- 3 |  4- 6 |  7- 9 | 10-12 || total
-------------------------+-------+-------+-------+-------++-------
Melee: War axe           |   118 |   225 |   476 |   610 ||  1429
       Whip              |       |       |       |    25 ||    25
Invok: Heroism           |       |       |     2 |    22 ||    24
 Abil: Dig               |     1 |     1 |    14 |     7 ||    23
       Shaft Self        |       |       |       |     1 ||     1
Evoke: Wand              |       |       |       |     2 ||     2
  Use: Potion            |       |     1 |     1 |     5 ||     7
       Scroll            |       |       |     4 |     8 ||    12
  Eat: Chunk             |       |     7 |    19 |    18 ||    44
       Fruit             |       |       |     1 |       ||     1
       Royal jelly       |       |       |       |     2 ||     2
Armor: Scale mail        |    32 |       |       |       ||    32
       Chain mail        |    43 |   123 |   192 |   222 ||   580
Dodge: Dodged            |    34 |    55 |   118 |   194 ||   401
Block: Shield            |    73 |   112 |   269 |   423 ||   877
